 Dungeon Crawl Stone Soup version 0.21.1-1-g345015f (webtiles) character file.

30 shakethe the Insei (level 3, 0/23 HPs)
             Began as an Octopode Transmuter on Feb 7, 2018.
             Succumbed to an adder's poison
             ... on level 2 of the Dungeon.
             The game lasted 00:04:08 (726 turns).

shakethe the Insei (Octopode Transmuter)             Turns: 726, Time: 00:04:09

Health: 0/23       AC:  1    Str:  6 (9)  XL:     3   Next: 20%
Magic:  3/6        EV: 13    Int: 13 (15) God:
Gold:   31         SH:  0    Dex: 10 (13) Spells: 5/6 levels left

rFire    . . .     SeeInvis .     - Unarmed
rCold    . . .     Gourm    .   (no shield)
rNeg     . . .     Faith    .   (helmet restricted)
rPois    .         Spirit   +   i - amulet of guardian spirit
rElec    .         Reflect  .   (no ring)
rCorr    .         Harm     .   (no ring)
MR       ++...                  (no ring)
Stlth    +++.......             (no ring)
HPRegen  0.07/turn              (no ring)
MPRegen  0.10/turn              (no ring)
                                (no ring)
                                (no ring)

@: lethally poisoned (0 -> -6)
A: almost no armour, stealthy swim, amphibious, 8 rings, constrict 8, camouflage
1, magic resistance 2, gelatinous body 1
a: no special abilities


You were on level 2 of the Dungeon.
You were not hungry.

You visited 1 branch of the dungeon, and saw 2 of its levels.

You collected 31 gold pieces.

Inventory:

Missiles
 a - 84 arrows
Jewellery
 i - an amulet of guardian spirit (around mantle)
Scrolls
 e - 2 scrolls of amnesia {unknown}
 f - a scroll of fog {unknown}
 h - 2 scrolls of identify {unknown}
 j - 2 scrolls of enchant armour {unknown}
 l - 2 scrolls of blinking {unknown}
Books
 b - a book of Changes

   Spells                             Type                      Level
   a - Beastly Appendage              Transmutation                1
   b - Sticks to Snakes               Transmutation                2
   c - Spider Form                    Transmutation/Poison         3
   d - Ice Form                       Ice/Transmutation            4
   e - Blade Hands                    Transmutation                5
Comestibles
 c - 3 rations


   Skills:
 - Level 1.0 Fighting
 - Level 2.0 Dodging
 + Level 1.5 Stealth
 * Level 3.5 Unarmed Combat
 + Level 2.3 Spellcasting
 + Level 2.3 Transmutations


You had 5 spell levels left.
You knew the following spells:

 Your Spells              Type           Power        Failure   Level  Hunger
a - Beastly Appendage     Tmut           #.....       10%         1    #......


Dungeon Overview and Level Annotations

Branches:
Dungeon (2/15)

Altars:


Innate Abilities, Weirdness & Mutations

You cannot wear most types of armour.
You are very stealthy in the water. (Stealth+)
You are amphibious.
You can wear up to eight rings at the same time.
You can use your tentacles to constrict eight enemies at once.
Your skin changes colour to match your surroundings (Stealth+).
Your rubbery body absorbs attacks. (AC +1, EV +1)
You are highly resistant to hostile enchantments. (MR++)


Message History

* * * LOW HITPOINT WARNING * * *
You feel sick.
There are no items here.
It was a potion of degeneration.
There was something very wrong with that liquid.
You feel weakened.
You feel dopey.
You feel clumsy.
It was a potion of mutation.
You feel extremely strange.
You feel resistant to hostile enchantments.
You feel more resistant to hostile enchantments.
* * * LOW HITPOINT WARNING * * *
You feel sick.
Number of times to repeat, then command key: You must enter the number of times for the command to repeat.
There's nothing to open nearby.
* * * LOW HITPOINT WARNING * * *
You feel sick.
* * * LOW HITPOINT WARNING * * *
You feel sick.
Your tentacle spike disappears.
You die...

#.# ###.....# ....
#.# #####.# ..... #.#
#.## #..... #.# ##.##
#.).... #.#
##..#####....... #.#
###..#.##.........
#.#
#...#.....#.......
#.#
###.#.....##........
#.#
##..@..###...........
##.# ###..#.###
####........ #..#
##......# ........
##.## ##..#.####
........ #..# #..##.#
........
#.######.###.#
.......
##<###....###<#
.......####...#
...<...#...<###


There were no monsters in sight!

Vanquished Creatures
  An adder (D:2)
  An ooze (D:2)
  A leopard gecko (D:1)
  A giant cockroach (D:2)
  4 goblins (D:1)
  A bat (D:1)
  3 frilled lizards
  4 kobolds
  2 rats (D:1)
18 creatures vanquished.

Notes
Turn   | Place    | Note
-------+----------+-------------------------------------------
     0 | D:1      | shakethe the Octopode Transmuter began the quest for the Orb.
     0 | D:1      | Reached XP level 1. HP: 13/13 MP: 3/3
   319 | D:1      | Reached XP level 2. HP: 18/18 MP: 3/5
   370 | D:1      | Reached skill level 1 in Stealth
   712 | D:2      | Reached XP level 3. HP: 10/23 MP: 2/6
   720 | D:2      | Gained mutation: You are resistant to hostile enchantments. (MR+) [potion of mutation]
   720 | D:2      | Gained mutation: You are highly resistant to hostile enchantments. (MR++) [potion of mutation]
   724 | D:2      | HP: 1/23 [poisoned by an adder]
   726 | D:2      | Succumbed to an adder's poison

Skill      XL: |  1  2 |
---------------+-------+-----
Stealth        | 1 |  1.5
Fighting       | |  1.0
Dodging        | |  2.0
Unarmed Combat | |  3.5
Spellcasting   | |  2.3
Transmutations | |  2.3

Action                   || total
-------------------------++-------
Melee: Unarmed           ||    38
       Constrict         ||    13
       Tentacles         ||     5
       Punch             ||     1
       Kick              ||     8
 Cast: Beastly Appendage ||    12
  Use: Potion            ||     2
 Stab: Sleeping          ||     1
Armor: Skin              ||     3
Dodge: Dodged            ||    25
